 Dungeon Crawl Stone Soup version 0.30-a0-1085-g990a428a5c (webtiles) character file.

Game seed: 9580451269936134599

18270 NateTC the Warrior (level 12, -3/132 HPs)
             Began as a Gargoyle Fighter on Apr 16, 2023.
             Was an Elder of Trog.
             Engulfed by a fire crab's flame (8 damage)
             ... in a volcano.
             The game lasted 00:42:32 (12390 turns).

NateTC the Warrior (Gargoyle Fighter)              Turns: 12390, Time: 00:42:33

Health: -3/132     AC: 35    Str: 31    XL:     12   Next: 56%
Magic:  12/12      EV:  7    Int: 12    God:    Trog [****..]
Gold:   822        SH: 17    Dex: 14    Spells: 11/11 levels left

rFire   . . .      SeeInvis .    a - +1 flail (venom)
rCold   . . .      Faith    .    d - +0 kite shield
rNeg    + . .      Spirit   .    i - +0 plate armour
rPois   ∞          Reflect  +    (no helmet)
rElec   +          Rampage  .    B - +2 cloak
rCorr   .                        I - +1 pair of gloves "Qynotwep" {Str+2 Int+3}
Will    +++..                    o - +0 pair of boots Stlth
                                 h - amulet "Saqaeh" {Reflect Will+ Dex+3 SH+5}
HPRegen 1.42/turn                u - +4 ring of protection
MPRegen 0.13/turn                j - +6 ring of strength

@: berserking, strong-willed, regenerating, studying Fighting, very quick
A: sickness immunity, AC +8, negative energy resistance 1, electricity
resistance, torment resistance 1, petrification resistance
a: Renounce Religion, Berserk, Trog's Hand, Brothers in Arms


You were in a volcano.
You worshipped Trog.
Trog was greatly pleased with you.
You visited 2 branches of the dungeon, and saw 12 of its levels.
You also visited: Sewer and Volcano.

You collected 822 gold pieces.

Inventory:

Hand Weapons
 a - a +1 flail of venom (weapon)
Armour
 d - a +0 kite shield (worn)
 i - a +0 plate armour (worn)
 o - a +0 pair of boots (worn)
 B - a +2 cloak (worn)
 I - the +1 pair of gloves "Qynotwep" (worn) {Str+2 Int+3}
   (You found it on level 10 of the Dungeon)

   Str:       It affects your strength (+2).
   Int:       It affects your intelligence (+3).
Jewellery
 e - a ring of see invisible
 h - the amulet "Saqaeh" (around neck) {Reflect Will+ Dex+3 SH+5}
   (You acquired it on level 10 of the Dungeon)

   [amulet of reflection]

   It reflects blocked missile attacks.
   Dex:       It affects your dexterity (+3).
   SH:        It affects your SH (+5).
   Will:      It increases your willpower.
 j - a +6 ring of strength (right hand)
 p - a +4 ring of slaying
 u - a +4 ring of protection (left hand)
 C - an amulet of regeneration
Wands
 r - a wand of digging (3)
 w - a wand of roots (9)
 y - a wand of paralysis (16)
 E - a wand of light (5)
 G - a wand of polymorph (2)
Scrolls
 l - 2 scrolls of teleportation
 m - a scroll of fear
 q - 2 scrolls of brand weapon
 v - 4 scrolls of fog
 x - a scroll of poison
 D - a scroll of enchant weapon
Potions
 b - 4 potions of attraction
 c - 3 potions of magic
 f - 2 potions of curing {unknown}
 g - a potion of berserk rage {unknown}
 k - 3 potions of mutation
 n - 5 potions of lignification {unknown}
 s - a potion of haste {unknown}
 z - 2 potions of invisibility {unknown}
 A - a potion of degeneration {unknown}
 F - a potion of resistance {unknown}
 H - 3 potions of ambrosia {unknown}
Miscellaneous
 t - a tin of tremorstones (2/2)


   Skills:
 * Level 15.2 Fighting
 + Level 11.3 Maces & Flails
 + Level 10.6 Armour
 * Level 11.1 Shields
 - Level 4.1 Evocations


You had 11 spell levels left.
You didn't know any spells.
Your spell library contained the following spells:

 Spells                   Type           Power      Damage    Failure   Level
 Shock                    Conj/Air       0%         1d3       99%         1
 Hailstorm                Conj/Ice       0%         3d3       100%        3
 Swiftness                Air            0%         N/A       100%        3
 Airstrike                Air            0%         2d(0-16)  100%        4
 Ice Form                 Ice/Tmut       0%         N/A       100%        4
 Simulacrum               Ice/Necr       0%         N/A       100%        6


Dungeon Overview and Level Annotations

Branches:
Dungeon (11/15) Zot: 25372  Temple (0/1) D:6            Lair (1/5) D:11 Zot: 5585
  Sewer (visited)         Volcano (1/1) Zot: 5808
    Orc: D:9-12

Altars:
Cheibriados
Gozag
Hepliaklqana
Kikubaaqudgha
Makhleb
Qazlal
Trog
Wu Jian
Zin

Shops:
D:5 (

Annotations:
D:3 2 runed translucent doors, cheesebisquit's ghost, amateur DjFE


Innate Abilities, Weirdness & Mutations

You are immune to sickness and miasma.
Your stone body is resilient. (AC +8)
You are immune to poison.
You resist negative energy. (rN+)
You are resistant to electric shocks. (rElec)
You are resistant to unholy torment.
You are immune to petrification.


Message History

You are engulfed in blazing flames.
You hit the fire crab but do no damage.
The fire crab is poisoned.
The fire crab is lightly wounded.
You are engulfed in blazing flames.
The fire crab bites you but does no damage.
You block the fire crab's attack.
The steam dragon is engulfed in blazing flames.
You block the steam dragon's attack.
The steam dragon claws you but does no damage.
You barely miss the fire crab.
The fire crab is lightly wounded.
You are engulfed in blazing flames.
You block the fire crab's attack.
The fire crab claws you but does no damage.
The steam dragon is engulfed in blazing flames.
The steam dragon breathes steam at you. The ball of steam hits you!
* * * LOW HITPOINT WARNING * * *
Okay, then.
There is an open door, spattered with blood here.
Okay, then.
Okay, then.
Okay, then.
The fire crab breathes flames at you.
The blast of flame engulfs you but does no damage.
You are engulfed in blazing flames.
The fire crab breathes flames at you.
The blast of flame engulfs you but does no damage.
The steam dragon is engulfed in blazing flames.
The steam dragon dies!
There is an open door, spattered with blood here.
A red film seems to cover your vision as you go berserk!
You feel yourself moving faster!
You feel mighty!
You are engulfed in blazing flames.
* * * LOW HITPOINT WARNING * * *
The fire crab breathes flames at you.
The blast of flame engulfs you but does no damage.
You hit the fire crab but do no damage.
The fire crab is moderately wounded.
You are engulfed in blazing flames.
You die...

≈§≈≈≈§≈≈≈≈§§§..##
≈≈§≈§§≈≈≈≈§§§...#
≈§§≈≈≈≈≈≈§≈≈§...#
§§§≈§≈§≈≈≈≈...#
§§≈§≈≈≈≈≈≈...#
≈≈§§§≈≈≈§...##
≈≈≈§§≈≈≈§...###
≈§§≈≈≈≈≈.....8#######+###
.≈§§≈§≈≈§......°@tb°°°...
..≈≈§≈≈......8####°°°....
#..........#### .°°....
##......#### ..°....
######## .#...#. .#...#
.# _.# ∩# .##


You could see a fire crab (poisoned) and a fire bat.

Vanquished Creatures
  Fannar (D:11)
  A two-headed ogre (D:10)
  A boulder beetle (D:11)
  Lodul (D:11)
  Pikel (D:3)
  A cyclops (D:11)
  Maurice (D:8)
  2 black mambas (Lair:1)
  2 cane toads (Lair:1)
  Psyche (D:11)
  Maggie (D:8)
  A komodo dragon (D:11)
  4 trolls
  5 blink frogs (Lair:1)
  Sigmund (D:4)
  A shadow (D:11)
  A wraith (D:9)
  13 yaks
  11 fire bats (Volcano)
  A steam dragon (D:8)
  Grum (D:11)
  10 vampire mosquitoes (D:11)
  3 black bears
  4 orc warriors
  8 ogres
  4 wolves (D:11)
  2 centaurs (D:8)
  2 phantoms
  A lemure (D:4)
  6 kobold brigands
  3 scorpions
  6 bullfrogs
  2 gnoll sergeants
  3 wights (D:8)
  24 killer bees
  An electric eel (D:9)
  A howler monkey (D:4)
  7 lava snakes (Volcano)
  A jelly (D:6)
  5 orc priests
  A hound (D:5)
  2 gnoll boudas
  4 sleepcaps (D:5)
  Terence (D:2)
  8 orc wizards
  6 iguanas
  9 adders
  21 gnolls
  A white imp (D:8)
  An ufetubus (D:4)
  6 worms
  3 dart slugs
  50 orcs
  5 endoplasms
  5 giant cockroaches
  8 goblins
  8 hobgoblins
  6 jackals
  20 kobolds
  8 quokkas
  12 ball pythons
  4 frilled lizards
  3 rats
337 creatures vanquished.

Vanquished Creatures (others)
  A steam dragon (Volcano)
  A gnoll (D:8)
  6 fungi (D:11)
  25 plants
33 creatures vanquished.

Grand Total: 370 creatures vanquished

Notes
Turn   | Place    | Note
-------+----------+-------------------------------------------
     0 | D:1      | NateTC the Gargoyle Fighter began the quest for the Orb.
     0 | D:1      | Reached XP level 1. HP: 14/14 MP: 1/1
   109 | D:1      | Reached XP level 2. HP: 19/19 MP: 2/2
   537 | D:1      | Reached XP level 3. HP: 18/24 MP: 3/3
   674 | D:1      | Identified a scroll of acquirement
   674 | D:1      | Acquired a manual of Fighting
  1055 | D:2      | Noticed Terence
  1074 | D:2      | Killed Terence
  1075 | D:2      | Reached skill level 4 in Fighting
  1075 | D:2      | Reached XP level 4. HP: 25/29 MP: 4/4
  1474 | D:2      | Reached XP level 5. HP: 34/34 MP: 5/5
  1703 | D:2      | Reached skill level 5 in Fighting
  1944 | D:3      | Found a large runed translucent door.
  1944 | D:3      | Found a large runed translucent door.
  1949 | D:3      | Noticed cheesebisquit's ghost (amateur DjFE)
  2488 | D:3      | Found a glowing drain.
  2498 | Sewer    | Entered a sewer
  2571 | Sewer    | Noticed a kobold brigand
  2571 | Sewer    | Noticed a kobold brigand
  2646 | Sewer    | Killed a kobold brigand
  2647 | Sewer    | Reached XP level 6. HP: 14/41 MP: 6/6
  2858 | D:3      | Reached skill level 6 in Fighting
  2858 | D:3      | Reached skill level 5 in Shields
  3157 | D:4      | Found a burning altar of Makhleb.
  3384 | D:3      | Reached XP level 7. HP: 36/47 MP: 7/7
  3439 | D:3      | Reached skill level 7 in Fighting
  3516 | D:4      | Noticed Sigmund
  3533 | D:4      | Noticed Pikel
  3554 | D:4      | Killed Sigmund
  3555 | D:4      | Reached skill level 8 in Fighting
  3555 | D:4      | Reached skill level 5 in Armour
  3607 | D:3      | Killed Pikel
  3608 | D:3      | Reached skill level 10 in Fighting
  3608 | D:3      | Reached XP level 8. HP: 40/57 MP: 8/8
  3785 | D:4      | Found a hazy altar of Hepliaklqana.
  3867 | D:4      | Reached skill level 5 in Maces & Flails
  4170 | D:5      | Entered Level 5 of the Dungeon
  4254 | D:5      | Reached skill level 1 in Evocations
  4320 | D:5      | Found Xab Diepi's Antique Weapon Emporium.
  4403 | D:5      | Found a bloodstained altar of Trog.
  4404 | D:5      | Found an opulent altar of Gozag.
  4405 | D:5      | Found a snail-covered altar of Cheibriados.
  4414 | D:5      | Became a worshipper of Trog the Wrathful
  4587 | D:5      | Reached XP level 9. HP: 63/63 MP: 9/9
  4897 | D:5      | Found a glowing silver altar of Zin.
  5228 | D:6      | Found an ornate altar of the Wu Jian Council.
  5367 | D:6      | Identified the +1 hand axe of Xom's Reproof {drain, Int+3
                  | Dex+2}
  5521 | D:6      | Found a staircase to the Ecumenical Temple.
  5620 | D:6      | Reached * piety under Trog
  5661 | D:6      | Identified the +4 dagger of Jesch {pain, rElec Dex+6}
  6029 | D:7      | Found a stormy altar of Qazlal.
  6667 | D:8      | Noticed Maggie
  6866 | D:8      | Killed Maggie
  7088 | D:8      | Noticed Maurice
  7091 | D:8      | Paralysed by Maurice for 2 turns
  7098 | D:8      | Paralysed by something for 4 turns
  7111 | D:8      | Killed Maurice
  7112 | D:8      | Reached XP level 10. HP: 65/68 MP: 10/10
  7579 | D:8      | Found an ancient bone altar of Kikubaaqudgha.
  7633 | D:8      | Reached ** piety under Trog
  7634 | D:8      | Reached skill level 11 in Fighting
  9461 | D:10     | Entered Level 10 of the Dungeon
  9477 | D:10     | Noticed a two-headed ogre
  9489 | D:10     | Killed a two-headed ogre
  9490 | D:10     | Reached skill level 12 in Fighting
  9490 | D:10     | Reached skill level 10 in Maces & Flails
  9490 | D:10     | Reached XP level 11. HP: 76/76 MP: 11/11
  9588 | D:10     | Identified the +1 pair of gloves "Qynotwep" {Str+2 Int+3}
  9631 | D:10     | Acquired the amulet "Saqaeh" {Reflect Will+ Dex+3 SH+5}
 10040 | D:10     | Reached *** piety under Trog
 10183 | D:11     | Noticed Psyche
 10184 | D:11     | Noticed Grum
 10207 | D:11     | Killed Psyche
 10232 | D:11     | Killed Grum
 10589 | D:11     | Noticed Fannar
 10590 | D:11     | Noticed a cyclops
 10622 | D:11     | Killed a cyclops
 10624 | D:11     | Killed Fannar
 10763 | D:11     | Noticed a boulder beetle
 10779 | D:11     | Killed a boulder beetle
 10982 | D:11     | Reached skill level 13 in Fighting
 11026 | D:11     | Found a staircase to the Lair.
 11148 | D:11     | Reached **** piety under Trog
 11206 | D:11     | Reached skill level 10 in Armour
 11346 | D:11     | Noticed Lodul
 11368 | D:10     | Reached XP level 12. HP: 65/84 MP: 12/12
 11432 | D:10     | Reached skill level 10 in Shields
 11452 | D:11     | Killed Lodul
 11453 | D:11     | Reached skill level 14 in Fighting
 11782 | Lair:1   | Entered Level 1 of the Lair of Beasts
 12186 | Lair:1   | Found a dark tunnel.
 12194 | Volcano  | Entered a volcano
 12326 | Volcano  | Reached skill level 15 in Fighting
 12382 | Volcano  | Found a bloodstained altar of Trog.
 12389 | Volcano  | HP: 3/132 [fire crab] (24)]
 12390 | Volcano  | Engulfed by a fire crab's flame

Illustrated notes

Levels and vault maps discovered:
D:1:      dpeg_arrival_rooms_a, layout_basic, hex_tiny
D:2:      layout_basic, minmay_quadrilaterals, uniq_terence
D:3:      layout_basic, cheibrodos_sewer_entry_bend, ebering_ghost_disaster_area
D:4:      minmay_recursive_quarters, layout_rooms, bloody_makhleb,
          nzn_hepliaklqana_mist_gate, uniq_sigmund, uniq_pikel
D:5:      layout_loops_ring, old_standard_altar, gammafunk_temple_overflow_claw,
          serial_shops, nicolae_shop_tiny_glass
D:6:      layout_basic, mainiacjoe_overflow_alcove_1, minmay_temple_entry_mist
D:7:      layout_loops_ring, marbit_many_paths
D:8:      layout_layer_cave, amcnicky_altar_gilded, minmay_misc_feat_hallway,
          uniq_maurice, uniq_maggie
D:9:      wad_river_or_something, layout_basic
D:10:     layout_roguey
D:11:     layout_stronghold, grunt_lair_entry_orc_guard_hut, patterned_corridor,
          uniq_lodul, uniq_psyche, uniq_fannar, uniq_grum
Lair:1:   layout_cave_pods, lightli_volcano_entry_magma_tube,
          hangedman_lair_unloving_vines, infiniplex_staircase_pool_2
Volcano:  volcano_grotto [vgs_statue_spotlight]

Skill      XL: |  1  2  3  4  5  6  7  8  9 10 11 12 |
---------------+-------------------------------------+-----
Fighting       | 4 5 6 10 12 13 15 | 15.2
Shields        | 4 5 7 9 11 | 11.1
Armour         | 4 5 6 8 9 10 | 10.6
Maces & Flails | 3 4 5 8 10 11 | 11.3
Evocations     | 1 4 |  4.1

Action                     |  1- 3 |  4- 6 |  7- 9 | 10-12 || total
---------------------------+-------+-------+-------+-------++-------
  Melee: Flail             |   120 |   205 |   383 |   646 ||  1354
 Invoke: Berserk           |       |       |     1 |     3 ||     4
         Trog's Hand       |       |       |       |     3 ||     3
    Use: Scroll            |     4 |     7 |     6 |     4 ||    21
         Potion            |       |     1 |     1 |     2 ||     4
 Armour: Scale mail        |    67 |    29 |       |       ||    96
         Plate armour      |       |    97 |   234 |   417 ||   748
  Dodge: Dodged            |    68 |    46 |    72 |   187 ||   373
  Block: Buckler           |    33 |     5 |       |       ||    38
         Kite shield       |       |   116 |   165 |   562 ||   843
         Reflection        |       |       |       |     7 ||     7

Table legend: (Time is in decaauts)
 A = Elapsed time spent in this place.
 B = Non-inter-level travel time spent in this place.
 C = Inter-level travel time spent in this place.
 D = Time resting spent in this place.
 E = Time spent auto-exploring this place.
 F = Levels seen in this place.
 G = Mean time per level.
                   A        B        C        D        E       F      G
               +--------+--------+--------+--------+--------+-----+--------+
         Total |  12692 |  12263 |    429 |   1730 |   5944 |  14 |  906.6 |
       Dungeon |  11899 |  11470 |    429 |   1685 |   5763 |  11 | 1081.7 |
          Lair |    414 |    414 |      0 |     14 |    180 |   1 |  414.0 |
         Sewer |    187 |    187 |      0 |      0 |      0 |   1 |  187.0 |
       Volcano |    191 |    191 |      0 |     31 |      0 |   1 |  191.0 |
               +--------+--------+--------+--------+--------+-----+--------+

Top non-repeatable levels by time:
     D:8: 1698 daAuts
    D:11: 1553 daAuts
     D:3: 1320 daAuts
     D:2: 1311 daAuts
     D:9: 1022 daAuts
     D:7: 918 daAuts
     D:5: 887 daAuts
     D:6: 859 daAuts
    D:10: 783 daAuts
     D:4: 777 daAuts
     D:1: 766 daAuts
  Lair:1: 414 daAuts
 Volcano: 191 daAuts
   Sewer: 187 daAuts
